 Dungeon Crawl Stone Soup version 0.26.1-11-gd32895ea62 (webtiles) character file.

Game seed: 757829539567263385

7245 Zeld the Transmogrifier (level 11, -2/74 HPs)
             Began as an Octopode Transmuter on May 26, 2021.
             Was an Initiate of Gozag.
             Slain by a troll (13 damage)
             ... led by an orc knight
             ... on level 9 of the Dungeon.
             The game lasted 00:21:22 (19248 turns).

Zeld the Transmogrifier (Octopode Transmuter)      Turns: 19248, Time: 00:21:22

Health: -2/74      AC:  2    Str: 14    XL:     11   Next: 12%
Magic:  30/33      EV: 16    Int: 15    God:    Gozag
Gold:   912        SH:  5    Dex: 12    Spells: 13/28 levels left

rFire    . . .     SeeInvis .     - Unarmed
rCold    . . .     Faith    .   (shield currently unavailable)
rNeg     . . .     Spirit   .   o - +1 hat {Will+}
rPois    +         Reflect  +   j - amulet of reflection
rElec    .         Harm     .   a - ring of magical power
rCorr    +         Rampage  .   b - ring of poison resistance
Will     ++...                  g - ring of flight
Stlth    ++........             k - ring of resist corrosion
HPRegen  0.22/turn              t - ring of willpower
MPRegen  0.23/turn              (no ring)
                                (no ring)
                                (no ring)

@: about to teleport, blade tentacles
A: almost no armour, stealthy swim, amphibious, 8 rings, constrict 8, camouflage
1, gelatinous body 1
a: End Transformation, Renounce Religion, Evoke Flight, Potion Petition, Call
Merchant, Bribe Branch


You were on level 9 of the Dungeon.
You worshipped Gozag.
Gozag was pleased with you.
You had blades for tentacles.
You visited 3 branches of the dungeon, and saw 13 of its levels.
You also visited: Ossuary.

You collected 1992 gold pieces.
You spent 311 gold pieces at shops.
You paid 769 gold pieces to Gozag.

Inventory:

Armour
 o - a +1 hat of willpower (worn)
Jewellery
 a - a ring of magical power (left scythe-like blade)
 b - a ring of poison resistance (right scythe-like blade)
 g - a ring of flight (on tentacle)
 j - an amulet of reflection (around mantle)
 k - a ring of resist corrosion (on tentacle)
 t - a ring of willpower (on tentacle)
Wands
 d - a wand of paralysis (7)
 h - a wand of acid (4)
 l - a wand of digging (5)
 r - a wand of iceblast (3)
 v - a wand of random effects (17)
 z - a wand of flame (22)
Scrolls
 c - 3 scrolls of enchant armour
 p - 4 scrolls of remove curse
 q - 3 scrolls of enchant weapon
 s - 3 scrolls of amnesia
 y - a scroll of holy word
 D - a scroll of teleportation
 F - a scroll of magic mapping
Potions
 e - 10 potions of curing
 f - 3 potions of berserk rage
 i - 3 potions of cancellation
 m - 5 potions of might
 u - 6 potions of haste {unknown}
 A - a potion of magic {unknown}
 B - 2 potions of invisibility {unknown}
 C - 2 potions of flight {unknown}
 E - 2 potions of brilliance {unknown}
 G - a potion of mutation {unknown}


   Skills:
 + Level 6.9 Fighting
 + Level 7.0 Dodging
 - Level 3.0 Unarmed Combat
 * Level 9.3 Spellcasting
 * Level 9.9 Transmutations


You had 13 spell levels left.
You knew the following spells:

 Your Spells              Type           Power        Failure   Level
a - Beastly Appendage     Tmut           72%          9%          1
b - Wereblood             Tmut           36%          10%         2
c - Spider Form           Tmut/Pois      10%          30%         3
d - Ice Form              Ice/Tmut       21%          54%         4
e - Blade Hands           Tmut           18%          32%         5

Your spell library contained the following spells:

 Spells                   Type           Power        Failure   Level
 Shock                    Conj/Air       24%          47%         1
 Swiftness                Air            6%           56%         2
 Static Discharge         Conj/Air       6%           75%         3
 Airstrike                Air            3%           96%         4
 Lightning Bolt           Conj/Air       3%           100%        5
 Ignition                 Fire           3%           100%        8
 Shatter                  Erth           3%           100%        9
 Tornado                  Air            3%           100%        9


Dungeon Overview and Level Annotations

Branches:
Dungeon (10/15)            Temple (1/1) D:4            Lair (0/6) D:9
    Orc (2/2) D:9         Ossuary (visited)
    Elf: Orc:2

Altars:
Cheibriados
Dithmenos
Elyvilon
Fedhas
Gozag
Hepliaklqana
Kikubaaqudgha
Makhleb
Nemelex Xobeh
Okawaru
Qazlal
Ru
Sif Muna
Trog
Uskayaw
Vehumet
Wu Jian
Xom
Yredelemnul
Zin
The Shining One

Shops:
D:9 [

Annotations:
D:9 exclusions: death yak and 7 more exclusions
D:10 1 runed translucent door, Urug; hawla's ghost, journeyman DECj


Innate Abilities, Weirdness & Mutations

You cannot wear most types of armour.
You are very stealthy in the water. (Stealth+)
You are amphibious.
You can wear up to eight rings at the same time.
You can use your tentacles to constrict eight enemies at once.
Your skin changes colour to match your surroundings (Stealth+).
Your rubbery body absorbs attacks. (AC +1, EV +1)


Message History

Casting: Blade Hands (dangerous; 4% risk of failure)
Confirm with . or Enter, or press ? or * to list all spells.
Your tentacles turn into razor-sharp scythe blades.
You block the troll's attack. The troll claws you. The troll claws you!
The troll bites you!! The troll claws you! The troll barely misses you.
You are too injured to fight recklessly!
You are too injured to fight recklessly!
You are too injured to fight recklessly!
You slash the troll! You squeeze the troll.
The troll is moderately wounded.
The troll bites you. The troll claws you!
* * * LOW HITPOINT WARNING * * *
The troll claws you but does no damage.
There is an open door here.
As you read the scroll of teleportation, it crumbles to dust.
You feel strangely unstable. The troll bites you!
* * * LOW HITPOINT WARNING * * *
The troll completely misses you. The troll claws you!
You die...
Your body crumbles into a pile of gold.

#[## #[)##
#)#.# #[[.###
#.....#
#.....###
#.......######
#.......8#...#
#....@T..'.>.#
#......#8#...#
#.....#.######
#.....[##
#...####
#....# ##.###
#.# ###


You could see a troll.

Vanquished Creatures
  A wizard (D:10)
  An orc knight (Orc:1)
  Joseph (D:7)
  Grinder (D:5)
  Eustachio (D:4)
  6 yaks (D:10)
  Menkaure (D:6)
  Edmund (D:6)
  Duvessa (D:7)
  A water moccasin (D:5)
  A black bear (D:7)
  5 orc warriors
  4 necrophages
  3 ogres
  A phantom (D:10)
  A centaur (D:9)
  Blork the orc (D:6)
  2 big kobolds
  3 bullfrogs
  Dowan (D:7)
  3 scorpions
  A water moccasin skeleton (D:9)
  6 killer bees (D:8)
  7 wights (D:8)
  2 howler monkeys
  2 jellies
  4 hounds
  Crazy Yiuf (D:5)
  3 bullfrog skeletons
  6 orc priests
  3 centaur skeletons
  3 iguanas
  14 orc wizards
  7 worker ants
  A big kobold zombie (Ossuary)
  A hound skeleton (D:5)
  8 mummies (Ossuary)
  A worker ant zombie (D:6)
  A howler monkey skeleton (D:6)
  4 gnolls
  9 adders
  A shadow imp (D:8)
  3 white imps
  2 ufetubi
  3 oozes
  An adder skeleton (D:5)
  3 adder zombies
  4 worms
  A dart slug (D:3)
  6 leopard geckos
  50 orcs
  8 giant cockroaches
  A gnoll zombie (Ossuary)
  11 goblins
  4 hobgoblins
  13 jackals
  12 kobolds
  4 quokkas
  A ball python (D:6)
  10 bats
  6 frilled lizards
  2 hobgoblin zombies (Ossuary)
  A kobold zombie (Ossuary)
  A leopard gecko skeleton (D:5)
  A leopard gecko zombie (D:7)
  3 orc zombies (Ossuary)
  8 rats
284 creatures vanquished.

Vanquished Creatures (others)
  2 worker ants (D:5)
  An ufetubus (D:5)
  An adder zombie (D:5)
  An adder skeleton (D:4)
5 creatures vanquished.

Grand Total: 289 creatures vanquished

Notes
Turn   | Place    | Note
-------+----------+-------------------------------------------
     0 | D:1      | Zeld the Octopode Transmuter began the quest for the Orb.
     0 | D:1      | Reached XP level 1. HP: 13/13 MP: 3/3
   375 | D:1      | Reached XP level 2. HP: 8/18 MP: 5/5
   389 | D:1      | Learned a level 2 spell: Wereblood
  1392 | D:1      | Reached XP level 3. HP: 23/23 MP: 6/6
  1396 | D:1      | Learned a level 3 spell: Spider Form
  1939 | D:2      | Reached XP level 4. HP: 29/29 MP: 2/8
  2116 | D:2      | Found an ornate altar of the Wu Jian Council.
  2884 | D:2      | Reached XP level 5. HP: 27/34 MP: 9/9
  2889 | D:2      | Learned a level 4 spell: Ice Form
  3788 | D:3      | Reached XP level 6. HP: 30/41 MP: 11/11
  4712 | D:4      | Noticed Eustachio
  4729 | D:4      | Killed Eustachio
  4730 | D:4      | Reached XP level 7. HP: 20/45 MP: 13/13
  5009 | D:4      | Found a stormy altar of Qazlal.
  5083 | D:4      | Found a shimmering blue altar of Sif Muna.
  5093 | D:4      | Found a sacrificial altar of Ru.
  5094 | D:4      | Found a burning altar of Makhleb.
  5332 | D:4      | Found a staircase to the Ecumenical Temple.
  5343 | Temple   | Entered the Ecumenical Temple
  5449 | Temple   | Became a worshipper of Gozag Ym Sagoz the Greedy
  5708 | D:4      | Reached skill level 5 in Transmutations
  6020 | D:5      | Entered Level 5 of the Dungeon
  6096 | D:5      | Reached skill level 5 in Spellcasting
  6163 | D:5      | Reached XP level 8. HP: 52/52 MP: 15/15
  6169 | D:5      | Learned a level 5 spell: Blade Hands
  6307 | D:5      | Found a shimmering altar of Xom.
  6829 | D:5      | Found a radiant altar of Vehumet.
  7000 | D:5      | Noticed Grinder
  7009 | D:5      | Killed Grinder
  7477 | D:5      | Found a runed translucent door.
  7478 | D:5      | Noticed Crazy Yiuf
  7484 | D:5      | Killed Crazy Yiuf
  7571 | D:6      | Noticed Edmund
  7583 | D:6      | Killed Edmund
  7595 | D:6      | Found a sand-covered staircase.
  7604 | Ossuary  | Entered an ossuary
  8075 | Ossuary  | Reached XP level 9. HP: 51/59 MP: 18/18
  8603 | D:5      | Reached skill level 5 in Dodging
  8815 | D:5      | Bought a scroll of identify for 26 gold pieces
  8815 | D:5      | Bought a scroll of identify for 26 gold pieces
  8815 | D:5      | Bought a scroll of identify for 26 gold pieces
  8815 | D:5      | Bought a scroll of teleportation for 39 gold pieces
  8815 | D:5      | Bought 3 scrolls of identify for 78 gold pieces
  8815 | D:5      | Bought a scroll of fear for 45 gold pieces
  9295 | D:5      | Bought a scroll of identify for 26 gold pieces
  9410 | D:6      | Noticed Blork the orc
  9418 | D:6      | Killed Blork the orc
  9645 | D:6      | Identified a scroll of acquirement
  9690 | D:6      | Acquired a +1 hat of willpower
  9867 | D:5      | Bought a scroll of immolation for 45 gold pieces
 10110 | D:6      | Noticed Menkaure
 10118 | D:6      | Killed Menkaure
 10119 | D:6      | Reached skill level 5 in Fighting
 11090 | D:7      | Noticed Duvessa
 11090 | D:7      | Noticed Dowan
 11353 | D:7      | Killed Duvessa
 11355 | D:7      | Killed Dowan
 11577 | D:7      | Found a shadowy altar of Dithmenos.
 11614 | D:7      | Noticed Joseph
 11639 | D:7      | Killed Joseph
 11640 | D:7      | Reached XP level 10. HP: 19/67 MP: 21/21
 13021 | D:9      | Found Ynyi's Armour Boutique.
 13188 | D:9      | Found a staircase to the Orcish Mines.
 13270 | D:9      | Found a staircase to the Lair.
 13270 | D:9      | Noticed a death yak
 13272 | D:9      | Noticed a death yak
 13272 | D:9      | Noticed a death yak
 13272 | D:9      | Noticed a death yak
 13272 | D:9      | Noticed a death yak
 13272 | D:9      | Noticed a death yak
 13273 | D:9      | Noticed a death yak
 15136 | D:10     | Entered Level 10 of the Dungeon
 15893 | D:10     | Noticed Urug
 16564 | D:10     | Found a runed translucent door.
 16564 | D:10     | Found a shimmering altar of Xom.
 16564 | D:10     | Noticed hawla's ghost (journeyman DECj)
 16565 | D:10     | Noticed a +1 hand axe of chaos
 17390 | D:10     | Noticed a wizard
 17402 | D:10     | Killed a wizard
 17447 | D:10     | Noticed a large abomination
 17447 | D:10     | Noticed a large abomination
 17447 | D:10     | Noticed a large abomination
 17472 | D:10     | HP: 2/69 [large abomination (35)]
 18172 | Orc:1    | Entered Level 1 of the Orcish Mines
 18179 | Orc:1    | Reached XP level 11. HP: 74/74 MP: 24/24
 18314 | Orc:2    | Entered Level 2 of the Orcish Mines
 18385 | Orc:2    | Noticed an orc knight
 18390 | Orc:2    | Noticed an orc knight
 18423 | Orc:2    | Noticed an orc sorcerer
 18462 | Orc:1    | Killed an orc knight
 19248 | D:9      | Slain by a troll

Illustrated notes

Levels and vault maps discovered:
D:1:      lightli_arrival_noodles, layout_loops_corners
D:2:      layout_loops_ring, lemuel_coloured_pillars_altar, corexii_shack
D:3:      layout_basic
D:4:      layout_loops_cross, minitemple, minmay_temple_entry_ruins,
          grunt_qazlal_clouds, uniq_eustachio
D:5:      layout_basic, vehumet_altar_wand_db, xom_confusion_cloud,
          uniq_crazy_yiuf_cottage, uniq_grinder
D:6:      layout_cave_pods, chequers_ossuary_entry_cave, uniq_blork_the_orc,
          uniq_edmund, uniq_menkaure
D:7:      layout_gridville, basic_altar, uniq_joseph, uniq_duvessa
D:8:      layout_loops_ring
D:9:      layout_basic, cheibrodos_ashenzari_chains, dpeg_lair_monsters,
          hiddenorc1_lemuel, serial_shops, shop
D:10:     layout_roguey, ebering_ghost_xom, laboratory, uniq_urug
Temple:   eino_temple_scatter_basement
Orc:1:    layout_caves, serial_shops, shop, uniq_nergalle
Orc:2:    grunt_orc_tribal_feast, layout_diamond_mine, serial_shops, shop,
          nicolae_orc_stony_grotto, nicolae_alphabet_shops

Skill      XL: |  1  2  3  4  5  6  7  8  9 10 11 |
---------------+----------------------------------+-----
Transmutations | 3 4 5 6 8 9 |  9.9
Spellcasting   | 3 4 5 6 7 9 |  9.3
Fighting       | 2 3 4 5 6 |  6.9
Dodging        | 3 4 5 6 7 |  7.0
Unarmed Combat | |  3.0

Action                   |  1- 3 |  4- 6 |  7- 9 | 10-12 || total
-------------------------+-------+-------+-------+-------++-------
Melee: Unarmed           |    58 |   134 |   307 |   203 ||   702
       Kick              |    10 |    24 |     7 |       ||    41
       Constrict         |    15 |    28 |    71 |    33 ||   147
       Tentacles         |     5 |    22 |    46 |    27 ||   100
       Punch             |     1 |     2 |    13 |     4 ||    20
 Cast: Beastly Appendage |    15 |    26 |     3 |       ||    44
       Spider Form       |     2 |     4 |     8 |     2 ||    16
       Ice Form          |       |       |     1 |       ||     1
       Blade Hands       |       |       |    36 |    34 ||    70
       Wereblood         |       |       |       |     6 ||     6
Invok: Call Merchant     |       |       |     1 |       ||     1
Evoke: Wand              |       |       |       |     2 ||     2
  Use: Scroll            |       |       |    13 |    13 ||    26
 Stab: Sleeping          |     4 |     7 |     2 |       ||    13
       Distracted        |       |       |     1 |     1 ||     2
Armor: Skin              |     9 |    14 |     7 |    11 ||    41
Dodge: Dodged            |    55 |    71 |   181 |   125 ||   432
Block: Other             |       |    27 |    68 |    42 ||   137
       Reflection        |       |       |     1 |     3 ||     4
